 Dungeon Crawl Stone Soup version 0.25.0-15-gac7dcb8 (webtiles) character file.

Game seed: 2363952882415202329

625 BarkingLeaf the Spear-Bearer (level 7, -7/52 HPs)
             Began as a Merfolk Gladiator on June 28, 2020.
             Was a Follower of Okawaru.
             Killed by nerve-wracking pain
             ... invoked by a shadow imp
              (13 damage)
             ... on level 6 of the Dungeon.
             The game lasted 00:13:42 (5246 turns).

BarkingLeaf the Spear-Bearer (Merfolk Gladiator)    Turns: 5246, Time: 00:13:42

Health: -7/52      AC:  9    Str: 19    XL:     7   Next: 47%
Magic:  7/7        EV: 13    Int:  7    God:    Okawaru [*.....]
Gold:   180        SH:  9    Dex: 17    Spells: 6/6 levels left

rFire    . . .     SeeInvis .   a - +0 trident
rCold    . . .     Gourm    .   q - +0 kite shield
rNeg     . . .     Faith    .   J - +1 leather armour "Amefim" {*Drain Str+4}
rPois    +         Spirit   .   c - +2 hat
rElec    .         Reflect  .   m - +1 cloak
rCorr    .         Harm     .   (no gloves)
MR       .....                  H - +0 pair of boots
Stlth    ++........             (no amulet)
HPRegen  0.17/turn              o - ring of poison resistance
MPRegen  0.10/turn              (no ring)

@: no status effects
A: change form in water, swift swim, stealthy swim
a: Heroism, Renounce Religion


You were on level 6 of the Dungeon.
You worshipped Okawaru.
Okawaru was aware of your devotion.
You were not hungry.

You visited 2 branches of the dungeon, and saw 7 of its levels.
You also visited: Sewer.

You collected 180 gold pieces.

Inventory:

Hand Weapons
 a - a +0 trident (weapon)
Missiles
 d - 3 throwing nets (quivered)
Armour
 b - a +0 leather armour
 c - a +2 hat (worn)
 m - a +1 cloak (worn)
 q - a +0 kite shield (worn)
 H - a +0 pair of boots (worn)
 J - the +1 leather armour "Amefim" (worn) {*Drain Str+4}
   (You found it on level 4 of the Dungeon)

   It affects your strength (+4).
   It causes draining when unequipped.
Jewellery
 o - a ring of poison resistance (left hand)
 D - the ring "Toth" {rF++ MR+ SInv}
   (You took it off an orc on level 4 of the Dungeon)

   [ring of see invisible]

   It greatly protects you from fire.
   It affects your resistance to hostile enchantments.
   It lets you see invisible.
Wands
 G - a wand of digging (4)
 I - a wand of flame (44)
 M - a wand of enslavement (4)
Scrolls
 e - 2 scrolls of fear {unknown}
 i - a scroll of immolation
 j - a scroll of enchant armour {unknown}
 k - 5 scrolls of identify
 l - a scroll of fog {unknown}
 n - a scroll of amnesia {unknown}
 p - a scroll of magic mapping
 s - a scroll of remove curse {unknown}
 u - 2 scrolls of blinking {unknown}
 v - a scroll of teleportation {unknown}
 y - 2 scrolls of enchant weapon {unknown}
 C - a scroll of noise {unknown}
Potions
 g - a potion of ambrosia {unknown}
 h - 3 potions of curing {unknown}
 r - a potion of mutation {unknown}
 t - a potion of brilliance {unknown}
 w - 3 potions of heal wounds {unknown}
 x - a potion of might {unknown}
 z - 2 potions of haste {unknown}
 A - a potion of magic {unknown}
 B - a potion of resistance {unknown}
 E - a potion of flight {unknown}
 F - a potion of degeneration {unknown}
 K - a potion of berserk rage {unknown}
Comestibles
 f - 10 rations


   Skills:
 + Level 3.0 Fighting
 * Level 8.4 Polearms
 - Level 2.0 Throwing
 + Level 1.1 Armour
 * Level 6.0 Dodging
 * Level 3.0 Stealth
 * Level 2.5 Shields


You had 6 spell levels left.
You didn't know any spells.
Your spell library was empty.

Dungeon Overview and Level Annotations

Branches:
Dungeon (6/15)             Temple (1/1) D:5           Sewer (visited)

Altars:
Ashenzari
Cheibriados
Dithmenos
Fedhas
Gozag
Hepliaklqana
Kikubaaqudgha
Makhleb
Nemelex Xobeh
Okawaru
Qazlal
Ru
Sif Muna
Trog
Uskayaw
Vehumet
Wu Jian
Xom
Yredelemnul
Zin
The Shining One

Shops:
D:5 (

Annotations:
D:5 Ijyb


Message History

The sky beast shocks you.
* * * LOW HITPOINT WARNING * * *
You block the shadow imp's attack.
You puncture the sky beast!
You kill the sky beast!
Okawaru accepts your kill.
Your Fighting skill increases to level 3!
Your Dodging skill increases to level 6!
Your Stealth skill increases to level 3!
The shadow imp hits you but does no damage.
As you read the scroll of immolation, it crumbles to dust.
The creatures around you are filled with an inner flame!
The bullfrog zombie barely misses you.
The shadow imp hits you but does no damage.
The bullfrog zombie hits you but does no damage.
You puncture the bullfrog zombie!
Flame seeps out of the bullfrog zombie.
The bullfrog zombie is moderately damaged.
The shadow imp gestures at you. Pain shoots through your body!
You die...

.... #..#
... #..# ..#
#..# .. #..#
#(##..#
######..#..#
........#..#
........Z@.#
....$..#5#.#
..!....#...#
.......##..#
....... ..#
....... #.#
$...... >#
...Z... ##


You could see a shadow imp (inner flame) and a bullfrog zombie (inner flame).

Vanquished Creatures
  2 sky beasts
  An ogre (D:5)
  A crimson imp (D:5)
  An iguana (D:5)
  An orc wizard (D:4)
  A hound skeleton (D:4)
  A worker ant zombie (D:5)
  12 adders
  An ooze (D:1)
  An adder skeleton (D:4)
  3 worms
  3 dart slugs
  2 leopard geckos
  12 orcs
  10 bats
  13 giant cockroaches
  5 goblins
  4 hobgoblins (D:3)
  12 jackals
  14 kobolds
  3 ball pythons
  6 frilled lizards
  A leopard gecko skeleton (D:5)
  A quokka zombie (D:5)
  4 rats
115 creatures vanquished.

Vanquished Creatures (others)
  A plant (Sewer)
1 creature vanquished.

Grand Total: 116 creatures vanquished

Notes
Turn   | Place    | Note
-------+----------+-------------------------------------------
     0 | D:1      | BarkingLeaf the Merfolk Gladiator began the quest for the
                  | Orb.
     0 | D:1      | Reached XP level 1. HP: 16/16 MP: 1/1
    67 | D:1      | Reached XP level 2. HP: 18/22 MP: 2/2
   198 | D:1      | Reached skill level 5 in Polearms
   560 | D:1      | Reached XP level 3. HP: 28/28 MP: 3/3
   902 | D:2      | Found an iron altar of Okawaru.
   910 | D:2      | Became a worshipper of Warmaster Okawaru
  1551 | D:3      | Found a glowing drain.
  1559 | D:3      | Reached skill level 1 in Shields
  1565 | D:3      | Reached XP level 4. HP: 34/34 MP: 4/4
  1655 | D:3      | Reached skill level 5 in Dodging
  1666 | D:3      | Found a hazy altar of Hepliaklqana.
  1704 | Sewer    | Entered a sewer
  1763 | Sewer    | Reached skill level 6 in Polearms
  1763 | Sewer    | Reached skill level 1 in Stealth
  1923 | Sewer    | Reached XP level 5. HP: 35/39 MP: 5/5
  2465 | D:3      | Found a bloodstained altar of Trog.
  3190 | D:4      | Reached XP level 6. HP: 23/46 MP: 6/6
  3192 | D:4      | Reached skill level 7 in Polearms
  3347 | D:4      | Found a hide-covered altar of Uskayaw.
  3389 | D:4      | Identified the ring "Toth" {rF++ MR+ SInv}
  3765 | D:4      | Got an ancient leather armour
  3766 | D:4      | Identified the +1 leather armour "Amefim" {*Drain Str+4}
                  | (You found it on level 4 of the Dungeon)
  3989 | D:5      | Entered Level 5 of the Dungeon
  3994 | D:5      | Found Couzo's Antique Weapon Boutique.
  4048 | D:5      | Found a staircase to the Ecumenical Temple.
  4063 | Temple   | Entered the Ecumenical Temple
  4493 | D:5      | Found a sparkling altar of Nemelex Xobeh.
  4536 | D:5      | Reached * piety under Okawaru
  4536 | D:5      | Reached XP level 7. HP: 39/51 MP: 7/7
  4622 | D:5      | Found a radiant altar of Vehumet.
  4623 | D:5      | Noticed Ijyb
  4624 | D:5      | Found a snail-covered altar of Cheibriados.
  4822 | D:5      | Reached skill level 8 in Polearms
  4822 | D:5      | Reached skill level 1 in Armour
  5246 | D:6      | Killed from afar by a shadow imp

Illustrated notes

Levels and vault maps discovered:
D:1:      minmay_arrival_cross, layout_rooms, minmay_octomino_c4
D:2:      layout_loops_ring, okawaru_metal_pillars_1_2, first_ration,
          kennysheep_nondescript, kennysheep_doodads
D:3:      layout_loops_ring, grunt_temple_overflow_open, gup_sewer_entry_glass,
          chequers_serial_rivers_small_3
D:4:      layout_basic, kennysheep_mini
D:5:      layout_loops_corners, nemelex_xobeh_ov_fountains_minmay,
          nicolae_overflow_hidden_temple, minmay_temple_entry_sparse_star,
          serial_shops, shop, uniq_ijyb
D:6:      layout_basic, hangedman_decor_peaks_small
Temple:   minmay_temple_curvy_branch

Skill      XL: |  1  2  3  4  5  6  7 |
---------------+----------------------+-----
Polearms       | 5 6 7 8 |  8.4
Shields        | 1 2 |  2.5
Dodging        | 5 6 |  6.0
Stealth        | 1 2 3 |  3.0
Armour         | 1 |  1.1
Fighting       | 3 |  3.0
Throwing       | |  2.0

Action                   |  1- 3 |  4- 6 |  7- 9 || total
-------------------------+-------+-------+-------++-------
Melee: Trident           |   111 |   278 |    34 ||   423
       Tailslap          |       |     6 |       ||     6
  Use: Scroll            |     1 |     2 |     1 ||     4
 Stab: Sleeping          |     4 |     6 |     1 ||    11
  Eat: Chunk             |     2 |     7 |     1 ||    10
       Ration            |       |     1 |       ||     1
Armor: Leather armour    |    43 |    55 |    10 ||   108
Dodge: Dodged            |    45 |   102 |    13 ||   160
Block: Kite shield       |    30 |    81 |    11 ||   122
